General information
- name: BNet
- type: Ladder team game (AT/RT)
- host: Battle.net
- saver: TEXAS-VSKHALNDO
map: TwilightRuins
- players: 8
- length: 47:11
- speed: Fast
- version: 1.28 W3XP
- replay type: Public
» download(308 KB)
Players
team 1 (loser)

»
racecaradar (
purple | 74 APM | 3101 actions | 42:07)
6 Tauren Chieftain
2 War Stomp
3 Endurance Aura
1 Reincarnation
4 Goblin Tinker
2 Cluster Rockets
2 Engineering Upgrade
» actions
| Assign group hotkey | 59 | |
| Basic commands | 77 | |
| Build / train | 86 | |
| ESC pressed | 3 | |
| Enter build submenu | 33 | |
| Enter hero's abilities submenu | 10 | |
| Give item / drop item | 6 | |
| Right click | 1443 | |
| Select / deselect | 295 | |
| Select group hotkey | 966 | |
| Use ability | 122 | |
3101 total
» units
| Peon | 15 | |
| Grunt | 5 | |
| Goblin Shredder | 2 | |
| Wind Rider | 14 | |
| Goblin Sapper | 2 | |
| Goblin Zeppelin | 1 | |
| Troll Batrider | 2 | |
41 total
» upgrades
| Armor | 2 | |
| Ranged Weapons | 2 | |
| Reinforced Defenses | 1 | |
| Envenomed Spears | 1 | |
| Liquid Fire | 1 | |
7 total
» buildings
| Altar of Storms | 1 | |
| Orc Burrow | 6 | |
| Barracks | 1 | |
| Voodoo Lounge | 2 | |
| Stronghold | 1 | |
| Great Hall | 5 | |
| War Mill | 1 | |
| Fortress | 1 | |
| Beastiary | 3 | |
| Watch Tower | 5 | |
26 total
» build order
00:19 Altar of Storms
00:36 Orc Burrow
00:50 Barracks
01:36 Orc Burrow
01:52 Voodoo Lounge
02:54 Stronghold
03:46 Great Hall
04:49 Orc Burrow
04:52 War Mill
06:10 Fortress
07:58 Voodoo Lounge
08:03 Beastiary
08:05 Beastiary
08:10 Beastiary
09:43 Orc Burrow
09:44 Orc Burrow
11:43 Orc Burrow
17:35 Great Hall
20:28 Great Hall
23:40 Watch Tower
23:59 Watch Tower
24:11 Great Hall
24:13 Great Hall
25:13 Watch Tower
25:14 Watch Tower
25:44 Watch Tower
» items
| Healing Salve | 4 | |
| Lesser Clarity Potion | 9 | |
| Boots of Speed | 1 | |
| Potion of Lesser Invulnerability | 4 | |
| Scroll of Town Portal | 1 | |
| Circlet of Nobility | 1 | |
| Potion of Invulnerability | 1 | |
| Replenishment Potion | 1 | |
| Scroll of Speed | 1 | |
| Staff of Teleportation | 1 | |
24 total
PauLo.Navarro (
orange | 75 APM | 3454 actions | 45:59)
6 Death Knight
3 Death Coil
3 Unholy Aura
5 Lich
3 Frost Nova
2 Dark Ritual
4 Pit Lord
2 Howl of Terror
2 Rain of Fire
» actions
| Assign group hotkey | 54 | |
| Basic commands | 5 | |
| Build / train | 97 | |
| ESC pressed | 1 | |
| Enter build submenu | 33 | |
| Enter hero's abilities submenu | 16 | |
| Give item / drop item | 2 | |
| Right click | 1404 | |
| Select / deselect | 679 | |
| Select group hotkey | 1010 | |
| Use ability | 151 | |
3454 total
» units
| Acolyte | 8 | |
| Ghoul | 3 | |
| Crypt Fiend | 10 | |
| Frost Wyrm | 7 | |
28 total
» upgrades
| Web | 1 | |
| Creature Attack | 3 | |
| Creature Carapace | 3 | |
| Freezing Breath | 1 | |
8 total
» buildings
| Crypt | 1 | |
| Graveyard | 1 | |
| Altar of Darkness | 1 | |
| Ziggurat | 9 | |
| Tomb of Relics | 1 | |
| Halls of the Dead | 2 | |
| Necropolis | 3 | |
| Black Citadel | 3 | |
| Sacrificial Pit | 1 | |
| Boneyard | 3 | |
| Spirit Tower | 5 | |
| Nerubian Tower | 1 | |
| Workshop | 2 | |
33 total
» build order
00:09 Crypt
00:22 Graveyard
00:42 Altar of Darkness
00:57 Ziggurat
01:35 Tomb of Relics
02:01 Ziggurat
03:34 Halls of the Dead
03:34 Halls of the Dead
04:38 Ziggurat
05:13 Necropolis
06:27 Black Citadel
06:27 Black Citadel
07:19 Ziggurat
07:56 Sacrificial Pit
09:01 Boneyard
10:26 Boneyard
10:29 Boneyard
10:39 Spirit Tower
10:42 Ziggurat
10:47 Ziggurat
11:42 Spirit Tower
11:44 Nerubian Tower
13:29 Ziggurat
18:43 Spirit Tower
25:39 Spirit Tower
25:41 Spirit Tower
26:59 Necropolis
29:27 Necropolis
32:18 Ziggurat
32:20 Ziggurat
43:06 Workshop
43:10 Workshop
» items
| Rod of Necromancy | 5 | |
| Boots of Speed | 2 | |
| Scroll of Healing | 5 | |
| Potion of Healing | 2 | |
| Scroll of Protection | 2 | |
| Orb of Corruption | 1 | |
| Scroll of Town Portal | 3 | |
| Potion of Lesser Invulnerability | 1 | |
| Dust of Appearance | 1 | |
22 total
MeanMrMustard (
blue | 67 APM | 2815 actions | 42:11)
6 Mountain King
3 Storm Bolt
2 Bash
1 Avatar
5 Paladin
3 Holy Light
2 Divine Shield
» actions
| Assign group hotkey | 66 | |
| Basic commands | 87 | |
| Build / train | 92 | |
| Enter build submenu | 65 | |
| Enter hero's abilities submenu | 11 | |
| Give item / drop item | 7 | |
| Remove unit from queue | 1 | |
| Right click | 1067 | |
| Select / deselect | 359 | |
| Select group hotkey | 850 | |
| Use ability | 210 | |
2815 total
» units
| Peasant | 12 | |
| Footman | 5 | |
| Goblin Shredder | 1 | |
| Goblin Zeppelin | 3 | |
| Goblin Sapper | 9 | |
| Dragonhawk Rider | 5 | |
| Gryphon Rider | 2 | |
37 total
» upgrades
| Masonry | 3 | |
| Cloud | 1 | |
| Swords | 2 | |
| Armor | 2 | |
| Animal War Training | 1 | |
| Storm Hammers | 1 | |
10 total
» buildings
| Altar of Kings | 2 | |
| Barracks | 2 | |
| Farm | 11 | |
| Scout Tower | 56 | |
| Lumber Mill | 1 | |
| Arcane Vault | 1 | |
| Town Hall | 3 | |
| Keep | 1 | |
| Arcane Tower | 1 | |
| Castle | 1 | |
| Guard Tower | 9 | |
| Gryphon Aviary | 4 | |
| Blacksmith | 2 | |
94 total
» build order
00:36 Altar of Kings
00:37 Barracks
00:50 Altar of Kings
00:51 Barracks
00:54 Farm
00:56 Farm
01:05 Farm
01:19 Farm
01:39 Farm
02:16 Scout Tower
03:33 Lumber Mill
03:48 Arcane Vault
03:54 Town Hall
05:02 Keep
07:43 Arcane Tower
08:16 Castle
08:37 Scout Tower
08:37 Scout Tower
08:37 Scout Tower
08:38 Scout Tower
08:39 Scout Tower
08:40 Scout Tower
10:47 Guard Tower
12:26 Scout Tower
12:26 Scout Tower
12:27 Scout Tower
12:28 Scout Tower
12:29 Scout Tower
12:30 Scout Tower
12:31 Scout Tower
12:32 Scout Tower
12:33 Scout Tower
12:34 Scout Tower
12:34 Scout Tower
12:35 Scout Tower
12:35 Scout Tower
12:36 Scout Tower
12:36 Scout Tower
13:38 Guard Tower
13:43 Gryphon Aviary
13:44 Gryphon Aviary
13:44 Gryphon Aviary
13:44 Gryphon Aviary
13:47 Blacksmith
13:49 Blacksmith
13:51 Farm
13:56 Scout Tower
13:57 Scout Tower
13:57 Scout Tower
13:57 Scout Tower
13:58 Scout Tower
14:40 Guard Tower
17:11 Guard Tower
18:56 Scout Tower
18:56 Scout Tower
18:56 Scout Tower
18:57 Scout Tower
18:58 Scout Tower
18:58 Scout Tower
18:59 Scout Tower
18:59 Scout Tower
18:59 Scout Tower
18:59 Scout Tower
19:47 Guard Tower
19:53 Scout Tower
19:53 Scout Tower
19:55 Scout Tower
19:55 Scout Tower
21:12 Guard Tower
21:18 Scout Tower
21:19 Scout Tower
21:21 Scout Tower
21:23 Scout Tower
21:25 Scout Tower
22:25 Guard Tower
24:56 Guard Tower
29:30 Town Hall
29:43 Scout Tower
29:43 Scout Tower
29:44 Scout Tower
29:44 Scout Tower
29:47 Scout Tower
29:48 Scout Tower
29:48 Scout Tower
29:49 Scout Tower
29:49 Scout Tower
29:50 Scout Tower
35:47 Guard Tower
36:54 Farm
36:56 Farm
37:00 Farm
37:01 Farm
37:01 Farm
39:53 Town Hall
» items
| Scroll of Regeneration | 2 | |
| Mechanical Critter | 2 | |
| Staff of Teleportation | 2 | |
| Boots of Speed | 2 | |
| Periapt of Vitality | 1 | |
| Potion of Lesser Invulnerability | 1 | |
| Potion of Invisibility | 1 | |
| Scroll of Town Portal | 4 | |
| Staff of Sanctuary | 3 | |
| Orb of Corruption | 1 | |
19 total
hackandigivUlos (
green | 88 APM | 4144 actions | 47:09)
6 Warden
3 Fan of Knives
3 Blink
1 Keeper of the Grove
1 Entangling Roots
1 Goblin Tinker
1 Engineering Upgrade
» actions
| Assign group hotkey | 84 | |
| Basic commands | 257 | |
| Build / train | 130 | |
| ESC pressed | 9 | |
| Enter build submenu | 47 | |
| Enter hero's abilities submenu | 8 | |
| Give item / drop item | 10 | |
| Right click | 1544 | |
| Select / deselect | 635 | |
| Select group hotkey | 1141 | |
| Use ability | 279 | |
4144 total
» units
| Wisp | 35 | |
| Archer | 6 | |
| Goblin Zeppelin | 8 | |
| Goblin Shredder | 4 | |
| Chimaera | 3 | |
| Hippogryph | 6 | |
| Goblin Sapper | 6 | |
68 total
» upgrades
| Nature's Blessing | 1 | |
| Well Spring | 1 | |
| Strength of the Wild | 3 | |
| Reinforced Hides | 3 | |
| Corrosive Breath | 1 | |
| Strength of the Moon | 3 | |
| Moon Armor | 3 | |
| Ultravision | 1 | |
16 total
» buildings
| Altar of Elders | 1 | |
| Moon Well | 13 | |
| Ancient of War | 1 | |
| Tree of Life | 1 | |
| Tree of Ages | 5 | |
| Hunter's Hall | 1 | |
| Ancient Protector | 22 | |
| Tree of Eternity | 4 | |
| Ancient of Wind | 3 | |
| Chimaera Roost | 2 | |
53 total
» build order
00:08 Altar of Elders
00:13 Moon Well
00:46 Ancient of War
01:31 Moon Well
01:54 Moon Well
02:53 Moon Well
03:43 Tree of Life
04:14 Tree of Ages
04:14 Tree of Ages
04:14 Tree of Ages
05:26 Hunter's Hall
05:57 Moon Well
06:00 Moon Well
06:41 Ancient Protector
06:45 Ancient Protector
07:19 Ancient Protector
07:23 Ancient Protector
07:28 Tree of Eternity
07:29 Tree of Eternity
07:29 Tree of Eternity
08:04 Moon Well
08:08 Moon Well
08:36 Ancient Protector
08:40 Ancient Protector
09:02 Ancient Protector
09:04 Ancient Protector
09:41 Moon Well
09:42 Moon Well
09:59 Ancient Protector
10:28 Moon Well
10:29 Moon Well
10:57 Ancient of Wind
11:58 Moon Well
12:38 Chimaera Roost
12:39 Chimaera Roost
13:39 Ancient Protector
17:13 Ancient Protector
17:14 Ancient Protector
18:39 Ancient of Wind
18:54 Ancient of Wind
21:18 Ancient Protector
21:19 Ancient Protector
21:30 Ancient Protector
22:25 Ancient Protector
22:28 Ancient Protector
27:00 Ancient Protector
27:03 Ancient Protector
27:07 Ancient Protector
27:10 Ancient Protector
27:12 Ancient Protector
» items
| Replenishment Potion | 2 | |
| Boots of Speed | 3 | |
| Periapt of Vitality | 3 | |
| Orb of Lightning | 1 | |
| Potion of Invisibility | 1 | |
| Staff of Teleportation | 3 | |
| Scroll of Town Portal | 1 | |
| Claws of Attack +9 | 1 | |
| Mana Stone | 1 | |
| Tiny Great Hall | 1 | |
| Pendant of Energy | 2 | |
| Circlet of Nobility | 2 | |
21 total
team 2 (winner)

»
snakeplisken (
red | 27 APM | 1242 actions | 45:28)
5 Demon Hunter
2 Immolation
3 Evasion
» actions
| Assign group hotkey | 11 | |
| Basic commands | 37 | |
| Build / train | 94 | |
| Enter build submenu | 33 | |
| Enter hero's abilities submenu | 5 | |
| Give item / drop item | 15 | |
| Remove unit from queue | 8 | |
| Right click | 546 | |
| Select / deselect | 330 | |
| Select group hotkey | 85 | |
| Use ability | 78 | |
1242 total
» units
| Wisp | 27 | |
| Huntress | 7 | |
| Goblin Shredder | 1 | |
| Hippogryph | 11 | |
| Archer | 1 | |
| Chimaera | 4 | |
| Goblin Zeppelin | 3 | |
| Siege Engine | 3 | |
| Peasant | 2 | |
59 total
» upgrades
| Strength of the Moon | 2 | |
| Moon Armor | 1 | |
| Nature's Blessing | 1 | |
| Upgrade Moon Glaive | 1 | |
| Marksmanship | 1 | |
| Improved Bows | 1 | |
| Corrosive Breath | 1 | |
| Strength of the Wild | 1 | |
| Well Spring | 1 | |
| Sentinel | 1 | |
| Reinforced Hides | 1 | |
12 total
» buildings
| Altar of Elders | 2 | |
| Moon Well | 11 | |
| Hunter's Hall | 1 | |
| Ancient of War | 2 | |
| Tree of Life | 5 | |
| Tree of Ages | 2 | |
| Ancient of Wonders | 1 | |
| Ancient of Wind | 2 | |
| Tree of Eternity | 2 | |
| Ancient Protector | 3 | |
| Chimaera Roost | 4 | |
35 total
» build order
00:05 Altar of Elders
00:15 Moon Well
01:21 Moon Well
01:43 Hunter's Hall
02:19 Moon Well
02:52 Ancient of War
02:58 Ancient of War
03:17 Tree of Life
04:56 Moon Well
06:03 Tree of Ages
06:38 Ancient of Wonders
07:31 Moon Well
07:33 Moon Well
08:25 Moon Well
08:28 Moon Well
08:31 Moon Well
08:38 Ancient of Wind
08:58 Tree of Eternity
08:58 Tree of Eternity
11:50 Ancient Protector
11:53 Ancient Protector
12:01 Ancient Protector
12:04 Chimaera Roost
12:06 Chimaera Roost
13:36 Chimaera Roost
13:39 Chimaera Roost
15:28 Ancient of Wind
15:54 Tree of Life
19:57 Altar of Elders
21:21 Tree of Life
30:43 Tree of Life
31:22 Tree of Ages
33:49 Moon Well
33:51 Moon Well
35:54 Tree of Life
» items
| Ring of Regeneration | 1 | |
| Scroll of Town Portal | 1 | |
2 total

»
miniz (
yellow | 51 APM | 1295 actions | 25:35)
3 Archmage
1 Summon Water Elemental
1 Blizzard
1 Brilliance Aura
2 Mountain King
1 Storm Bolt
1 Thunder Clap
1 Blood Mage
1 Flame Strike
» actions
| Basic commands | 1 | |
| Build / train | 116 | |
| Enter build submenu | 37 | |
| Enter hero's abilities submenu | 6 | |
| Give item / drop item | 8 | |
| Right click | 616 | |
| Select / deselect | 402 | |
| Use ability | 109 | |
1295 total
» units
| Peasant | 15 | |
| Footman | 3 | |
| Priest | 8 | |
| Sorceress | 6 | |
| Knight | 3 | |
| Goblin Shredder | 1 | |
| Siege Engine | 10 | |
| Mortar Team | 3 | |
| Flying Machine | 4 | |
53 total
» upgrades
| Masonry | 2 | |
| Sorceress Training | 2 | |
| Priest Training | 2 | |
| Animal War Training | 2 | |
| Swords | 1 | |
| Plating | 2 | |
| Gunpowder | 2 | |
| Barrage | 1 | |
| Fragmentation Shards | 1 | |
| Lumber Harvesting | 1 | |
16 total
» buildings
| Altar of Kings | 1 | |
| Farm | 15 | |
| Barracks | 1 | |
| Scout Tower | 24 | |
| Arcane Tower | 4 | |
| Keep | 1 | |
| Town Hall | 1 | |
| Arcane Vault | 1 | |
| Blacksmith | 1 | |
| Lumber Mill | 1 | |
| Castle | 1 | |
| Arcane Sanctum | 2 | |
| Guard Tower | 8 | |
| Workshop | 4 | |
65 total
» build order
00:08 Altar of Kings
00:12 Farm
00:44 Barracks
01:08 Farm
01:32 Scout Tower
01:48 Farm
02:22 Farm
02:45 Arcane Tower
03:07 Farm
03:36 Keep
04:20 Town Hall
05:08 Scout Tower
05:10 Scout Tower
05:36 Arcane Vault
05:39 Blacksmith
05:50 Arcane Tower
06:10 Lumber Mill
06:20 Scout Tower
06:23 Scout Tower
06:25 Scout Tower
06:51 Farm
07:29 Castle
08:16 Arcane Sanctum
08:40 Arcane Sanctum
09:11 Guard Tower
09:20 Scout Tower
09:22 Scout Tower
09:24 Scout Tower
09:25 Scout Tower
09:25 Scout Tower
09:27 Scout Tower
10:35 Guard Tower
10:37 Arcane Tower
11:39 Farm
11:55 Farm
12:08 Scout Tower
12:11 Scout Tower
12:12 Scout Tower
12:15 Scout Tower
12:15 Scout Tower
12:17 Scout Tower
13:50 Guard Tower
14:36 Arcane Tower
14:44 Guard Tower
16:43 Workshop
16:49 Workshop
17:31 Workshop
18:04 Workshop
18:20 Scout Tower
18:22 Scout Tower
18:23 Scout Tower
18:23 Scout Tower
18:24 Scout Tower
18:25 Scout Tower
18:32 Farm
18:34 Farm
18:35 Farm
18:36 Farm
18:39 Farm
18:56 Guard Tower
19:21 Guard Tower
19:49 Guard Tower
19:55 Farm
19:56 Farm
20:22 Guard Tower
» items
| Boots of Speed | 3 | |
| Staff of Teleportation | 2 | |
| Scroll of Regeneration | 4 | |
| Potion of Healing | 8 | |
| Lesser Clarity Potion | 2 | |
| Orb of Fire | 1 | |
| Potion of Lesser Invulnerability | 1 | |
| Scroll of Town Portal | 3 | |
24 total
TEXAS-VSKHALNDO (
teal | 65 APM | 3074 actions | 47:11)
6 Blademaster
3 Wind Walk
2 Critical Strike
1 Bladestorm
1 Archmage
1 Blizzard
1 Shadow Hunter
1 Hex
» actions
| Assign group hotkey | 52 | |
| Basic commands | 104 | |
| Build / train | 90 | |
| Enter build submenu | 43 | |
| Enter hero's abilities submenu | 8 | |
| Give item / drop item | 3 | |
| Remove unit from queue | 1 | |
| Right click | 1106 | |
| Select / deselect | 390 | |
| Select group hotkey | 884 | |
| Use ability | 393 | |
3074 total
» units
| Peon | 13 | |
| Goblin Shredder | 2 | |
| Goblin Sapper | 6 | |
| Wind Rider | 7 | |
| Troll Batrider | 13 | |
41 total
» upgrades
| Reinforced Defenses | 1 | |
| Ranged Weapons | 3 | |
| Armor | 3 | |
| Envenomed Spears | 1 | |
| Liquid Fire | 1 | |
9 total
» buildings
| Altar of Storms | 1 | |
| Orc Burrow | 6 | |
| War Mill | 1 | |
| Voodoo Lounge | 2 | |
| Watch Tower | 68 | |
| Stronghold | 1 | |
| Great Hall | 2 | |
| Fortress | 3 | |
| Beastiary | 3 | |
87 total
» build order
00:07 Altar of Storms
00:18 Orc Burrow
00:40 War Mill
01:14 Voodoo Lounge
01:56 Watch Tower
02:41 Stronghold
02:58 Orc Burrow
03:29 Watch Tower
03:59 Watch Tower
04:28 Watch Tower
05:06 Great Hall
05:27 Watch Tower
05:52 Watch Tower
05:52 Watch Tower
06:09 Watch Tower
06:37 Watch Tower
06:47 Fortress
06:47 Fortress
07:28 Great Hall
07:46 Watch Tower
07:56 Beastiary
08:07 Watch Tower
08:15 Beastiary
09:15 Watch Tower
09:15 Watch Tower
09:16 Watch Tower
09:24 Watch Tower
09:34 Watch Tower
09:36 Watch Tower
09:37 Watch Tower
10:09 Watch Tower
10:55 Watch Tower
10:56 Watch Tower
10:57 Watch Tower
11:26 Watch Tower
11:31 Watch Tower
11:32 Watch Tower
12:45 Watch Tower
12:45 Watch Tower
13:04 Beastiary
13:07 Orc Burrow
13:07 Orc Burrow
15:14 Orc Burrow
15:15 Orc Burrow
17:32 Watch Tower
17:34 Watch Tower
17:35 Watch Tower
17:35 Watch Tower
17:36 Watch Tower
18:17 Watch Tower
18:29 Watch Tower
19:32 Watch Tower
19:36 Watch Tower
22:38 Watch Tower
22:39 Watch Tower
22:39 Watch Tower
22:40 Watch Tower
22:43 Watch Tower
22:44 Watch Tower
22:45 Watch Tower
26:36 Watch Tower
26:36 Watch Tower
26:36 Watch Tower
26:37 Watch Tower
26:37 Watch Tower
26:38 Watch Tower
26:38 Watch Tower
26:40 Watch Tower
26:41 Watch Tower
26:41 Watch Tower
26:42 Watch Tower
26:42 Watch Tower
39:45 Watch Tower
39:46 Watch Tower
39:46 Watch Tower
39:47 Watch Tower
39:47 Watch Tower
39:47 Watch Tower
39:49 Watch Tower
39:49 Watch Tower
39:53 Watch Tower
40:53 Voodoo Lounge
42:20 Watch Tower
42:20 Watch Tower
43:22 Watch Tower
43:22 Watch Tower
» items
| Healing Salve | 5 | |
| Lesser Clarity Potion | 3 | |
| Staff of Teleportation | 1 | |
| Potion of Healing | 1 | |
| Orb of Lightning | 1 | |
| Scroll of Town Portal | 3 | |
| Potion of Lesser Invulnerability | 2 | |
| Tiny Great Hall | 3 | |
| Boots of Speed | 1 | |
| Potion of Invisibility | 1 | |
| Potion of Mana | 1 | |
22 total

»
t0fu_ (
pink | 67 APM | 1717 actions | 25:42)
6 Death Knight
3 Death Coil
2 Unholy Aura
1 Animate Dead
3 Dreadlord
1 Sleep
2 Vampiric Aura
» actions
| Assign group hotkey | 22 | |
| Build / train | 47 | |
| Enter build submenu | 14 | |
| Enter hero's abilities submenu | 9 | |
| Give item / drop item | 4 | |
| Right click | 1102 | |
| Select / deselect | 165 | |
| Select group hotkey | 285 | |
| Use ability | 69 | |
1717 total
» units
| Acolyte | 7 | |
| Ghoul | 3 | |
| Crypt Fiend | 9 | |
| Frost Wyrm | 3 | |
22 total
» upgrades
| Creature Attack | 1 | |
| Web | 1 | |
| Freezing Breath | 1 | |
3 total
» buildings
| Graveyard | 1 | |
| Crypt | 1 | |
| Altar of Darkness | 1 | |
| Ziggurat | 6 | |
| Tomb of Relics | 1 | |
| Halls of the Dead | 1 | |
| Black Citadel | 1 | |
| Sacrificial Pit | 1 | |
| Boneyard | 2 | |
15 total
» build order
00:10 Graveyard
00:20 Crypt
00:55 Altar of Darkness
01:00 Ziggurat
01:27 Tomb of Relics
01:55 Ziggurat
03:30 Ziggurat
04:21 Halls of the Dead
06:46 Black Citadel
06:49 Sacrificial Pit
08:12 Ziggurat
09:29 Boneyard
09:36 Boneyard
10:36 Ziggurat
12:45 Ziggurat
» items
| Rod of Necromancy | 2 | |
| Potion of Healing | 2 | |
| Orb of Corruption | 2 | |
| Scroll of Town Portal | 3 | |
9 total
Chat log
(01:14 / All) PauLo.Navarro: parece que vou tomar peia
(01:24 / Allies) TEXAS-VSKHALNDO: wyvewrns bats
(01:29 / All) hackandigivUlos: navaro cool place in fallou t2
(01:38 / All) TEXAS-VSKHALNDO: new vegas best fallout
(01:50 / All) MeanMrMustard: shut ur pie hole
(03:48 / All) TEXAS-VSKHALNDO: tehse creeps are gay sometimes they sleep when they hit u sometimes dont
(04:06 / All) PauLo.Navarro: e ai toshit
(05:54 / Allies) TEXAS-VSKHALNDO: gold plz
(06:23 / All) TEXAS-VSKHALNDO: this retard team isnt talking
(06:26 / All) TEXAS-VSKHALNDO: to me one bit
(07:37 / Allies) TEXAS-VSKHALNDO: im gonna tk
(07:39 / Allies) TEXAS-VSKHALNDO: if u guys dont talk
(07:43 / Allies) miniz: ?
(07:50 / Allies) TEXAS-VSKHALNDO: giv eme gold now
(07:50 / Allies) TEXAS-VSKHALNDO: idiots
(10:43 / All) MeanMrMustard: Zzz
(15:03 / All) MeanMrMustard: wow
(15:35 / All) MeanMrMustard: wtf purple
(18:36 / Allies) TEXAS-VSKHALNDO: wood plz
(18:45 / Allies) TEXAS-VSKHALNDO: wood
(19:10 / Allies) TEXAS-VSKHALNDO: hit purple
(19:12 / All) hackandigivUlos: real shit items from the marketplaces this game
(19:13 / Allies) TEXAS-VSKHALNDO: pink
(21:18 / Allies) t0fu_: wtf
(23:46 / All) MeanMrMustard: couldn't see pink dk
(25:46 / All) MeanMrMustard: lawl
(26:04 / All) MeanMrMustard: SNAKE PLISKEN?
(26:06 / All) MeanMrMustard: I HEARD U WERE DEAD
(26:13 / All) TEXAS-VSKHALNDO: he hasnt said anything
(26:34 / All) hackandigivUlos: Not one pendant of energy from any of the four markets lads
(26:38 / All) hackandigivUlos: impoverished markets these are
(29:00 / All) MeanMrMustard: wtf pyurple
(29:08 / All) MeanMrMustard: purple just started attacking me lol
(29:13 / All) MeanMrMustard: for no reason whatsoever
(29:15 / All) hackandigivUlos: wtf purple tk?
(29:18 / All) MeanMrMustard: Yes
(29:27 / All) racecaradar: check replay
(29:27 / All) MeanMrMustard: He tried to kill my mk
(29:29 / All) racecaradar: blue attacked me
(29:31 / All) hackandigivUlos: let's kill him I don't tolerate team killers in my 4v4
(29:33 / All) MeanMrMustard: wrong
(29:40 / All) MeanMrMustard: swear on me mum
(29:41 / All) TEXAS-VSKHALNDO: blue defended ur expo purple
(29:43 / All) TEXAS-VSKHALNDO: wtf
(29:52 / All) hackandigivUlos: purple tk
(29:53 / All) racecaradar: blue tried to attk
(29:58 / All) MeanMrMustard: that's the thanks I get for defending it twice
(30:00 / All) MeanMrMustard: lol
(30:57 / All) racecaradar: green and blue TKers
(31:04 / All) hackandigivUlos: you're the tker
(31:05 / All) racecaradar: watch
(31:07 / All) MeanMrMustard: you tried to tk me cocksucker
(31:10 / All) hackandigivUlos: so I'm killing you
(31:10 / All) racecaradar: care oj
(31:14 / All) MeanMrMustard: can't cry now
(31:15 / All) racecaradar: green blue TKing
(31:50 / All) racecaradar: care green TK ur base
(31:53 / All) racecaradar: care oj
(32:26 / All) racecaradar: green blue TK players
(32:28 / All) racecaradar: know
(32:36 / All) MeanMrMustard: shut up bitch
(32:39 / All) MeanMrMustard: you tried to tk me first
(32:48 / All) MeanMrMustard: USE TOWER
(34:27 / All) racecaradar: late night weirdos
(35:02 / All) racecaradar: strange nerds
(35:57 / All) racecaradar: careful orange
(36:00 / All) racecaradar: theyll attack you
(36:07 / All) racecaradar: same players
(38:37 / All) MeanMrMustard: I thought I got orb but I got second staff
(39:24 / All) TEXAS-VSKHALNDO: red is so gay
(40:39 / All) TEXAS-VSKHALNDO: lol
(40:43 / All) TEXAS-VSKHALNDO: red just got my tiny hall
(41:01 / All) MeanMrMustard: HAHA
(41:03 / All) MeanMrMustard: BASHED SUCKER
(41:10 / All) MeanMrMustard: SAINARA MUTHAFUCKA
(41:29 / All) MeanMrMustard: purple got raped
(42:02 / All) MeanMrMustard: PURPLE = NOT NICE MAN
(42:07 / All) TEXAS-VSKHALNDO: 100% plug pulla
(42:11 / All) hackandigivUlos: drophack
(42:12 / All) PauLo.Navarro: wtf it
(42:19 / All) hackandigivUlos: red/orange drophack?
(42:26 / All) hackandigivUlos: wtf was that
(43:05 / All) TEXAS-VSKHALNDO: who used drop hack